 Dungeon Crawl Stone Soup version 0.32-a0-422-g28b100f618 (webtiles) character file.

Game seed: 881729255443195194

81 adelrune the Shield-Bearer (level 4, 0/38 HPs)
             Began as an Armataur Fighter on Feb 21, 2024.
             Slain by variable76's ghost (9 damage)
             ... on level 3 of the Dungeon.
             The game lasted 00:07:56 (1712 turns).

adelrune the Shield-Bearer (Armataur Fighter)       Turns: 1712, Time: 00:07:56

Health: 0/38       AC:  9    Str: 24    XL:     4   Next: 20%
Magic:  4/4        EV:  6    Int:  8    God:
Gold:   75         SH:  4    Dex:  9    Spells: 3/3 levels left

rFire   . . .        a - +0 flail
rCold   . . .        c - +0 buckler
rNeg    . . .        k - +0 chain mail
rPois   .            (no helmet)
rElec   .            (no cloak)
rCorr   .            m - +0 pair of gloves
SInv    .            (no barding)
Will    .....        (no amulet) Stlth
                     (no ring)
HPRegen 0.26/turn    (no ring)
MPRegen 0.09/turn

%: roll
@: no status effects
A: large, deformed body, tough skin 3, armoured tail, roll 1
a: no special abilities


You were on level 3 of the Dungeon.
You visited 1 branch of the dungeon, and saw 3 of its levels.

You collected 75 gold pieces.

Inventory:

Hand Weapons
 a - a +0 flail (weapon)
Missiles
 n - 5 curare-tipped darts
 q - 5 boomerangs (quivered)
Armour
 c - a +0 buckler (worn)
 h - a +0 tower shield
 k - a +0 chain mail (worn)
 m - a +0 pair of gloves (worn)
Jewellery
 r - an amulet of faith
Scrolls
 f - 3 scrolls of identify {unknown}
 l - a scroll of summoning {unknown}
 o - a scroll of enchant armour {unknown}
Potions
 b - 2 potions of attraction {unknown}
 d - a potion of might
 e - a potion of cancellation {unknown}
 g - a potion of mutation {unknown}
 i - a potion of magic {unknown}
 j - 2 potions of brilliance {unknown}
 p - a potion of heal wounds {unknown}


   Skills:
 + Level 3.0 Fighting
 * Level 2.9 Maces & Flails
 + Level 4.0 Armour
 + Level 4.2 Shields


You had 3 spell levels left.
You didn't know any spells.
Your spell library was empty.

Dungeon Overview and Level Annotations

Branches:
Dungeon (3/15)

Altars:
Nemelex Xobeh

Shops:
D:2 (::=

Annotations:
D:3 variable76's ghost, amateur MiFi


Innate Abilities, Weirdness & Mutations

Armour fits poorly on your strangely shaped body.
You have extremely tough skin. (AC +3)
You have a long armoured tail.
You regenerate magic when rolling toward enemies. (Rampage MPRegen)


Message History

Variable76's ghost hits you but does no damage.
You barely miss variable76's ghost.
Variable76's ghost is moderately damaged.
Variable76's ghost barely misses you.
You hit variable76's ghost.
Your tail-slap misses variable76's ghost.
Variable76's ghost is heavily damaged.
Variable76's ghost hits you but does no damage.
You barely miss variable76's ghost.
Variable76's ghost is heavily damaged.
Variable76's ghost hits you.
Variable76's ghost hits you but does no damage.
You thump variable76's ghost!
Your tail-slap misses variable76's ghost.
Variable76's ghost is severely damaged.
Variable76's ghost barely misses you.
You completely miss variable76's ghost. You tail-slap variable76's ghost.
Variable76's ghost is almost destroyed.
Variable76's ghost hits you.
You closely miss variable76's ghost.
Variable76's ghost is almost destroyed.
Variable76's ghost hits you! Variable76's ghost hits you.
You completely miss variable76's ghost.
Variable76's ghost is almost destroyed.
Variable76's ghost hits you.
You barely miss variable76's ghost.
Variable76's ghost is almost destroyed.
Variable76's ghost barely misses you.
You hit variable76's ghost but do no damage.
Variable76's ghost is almost destroyed.
You block variable76's ghost's attack.
You hit variable76's ghost but do no damage.
Variable76's ghost is almost destroyed.
Variable76's ghost hits you.
* * * LOW HITPOINT WARNING * * *
You closely miss variable76's ghost.
Your tail-slap misses variable76's ghost.
Variable76's ghost is almost destroyed.
Variable76's ghost barely misses you. Variable76's ghost hits you!
You die...

#.........# #.........#
....#.........####
#.#.#.......<....#
####...#...<......#.$#
.....#............#..#
...........).....###...#
.......#......ZW#####..#
.......###.....#@#.###..#
.............Z###._.# #.#
...............#+#.## .#
.....##......<..####
..............#..#
..............##..#
..............# #...
..##†#....#.### ####
...#.###....#


You could see variable76's ghost and a bullfrog zombie.

Vanquished Creatures
  3 ribbon worms (D:2)
  3 ball pythons
  3 endoplasms (D:1)
  4 giant cockroaches
  5 goblins
  4 hobgoblins
  5 kobolds
  2 quokkas
  5 bats
  8 rats
42 creatures vanquished.

Notes
Turn   | Place    | Note
-------+----------+-------------------------------------------
     0 | D:1      | adelrune the Armataur Fighter began the quest for the Orb.
     0 | D:1      | Reached XP level 1. HP: 18/18 MP: 1/1
   139 | D:1      | Reached XP level 2. HP: 25/25 MP: 2/2
   469 | D:1      | Reached XP level 3. HP: 30/30 MP: 3/3
  1234 | D:2      | Reached XP level 4. HP: 37/37 MP: 4/4
  1254 | D:2      | Found Wovohur's Weapon Shop.
  1350 | D:2      | Found Heisk's Book Shoppe.
  1377 | D:2      | Found Tuskuhatue's Book Emporium.
  1514 | D:2      | Found Xaxzul's Jewellery Shop.
  1636 | D:3      | Found a sparkling altar of Nemelex Xobeh.
  1655 | D:3      | Found a runed translucent gate.
  1655 | D:3      | Found a runed translucent gate.
  1655 | D:3      | Found a runed translucent gate.
  1671 | D:3      | Noticed variable76's ghost (amateur MiFi)
  1712 | D:3      | Slain by variable76's ghost

Illustrated notes

Levels and vault maps discovered:
D:1:      dpeg_arrival_arbitrary_c, layout_basic
D:2:      layout_basic, serial_shops, nicolae_shop_real_fake_doors,
          nicolae_shop_behind_doors, nicolae_shop_peninsula, shop
D:3:      layout_rooms, nemelex_diamond_rough_becter,
          gammafunk_ghost_necromancy, uniq_terence, uniq_crazy_yiuf_cottage

Skill      XL: |  1  2  3  4 |
---------------+-------------+-----
Maces & Flails | 2 |  2.9
Shields        | 4 |  4.2
Armour         | 4 |  4.0
Fighting       | 3 |  3.0

Action                     |  1- 3 |  4- 6 || total
---------------------------+-------+-------++-------
  Melee: Flail             |   103 |    35 ||   138
         Tailslap          |     6 |     2 ||     8
  Throw: Boomerang         |     3 |       ||     3
 Armour: Scale mail        |    40 |       ||    40
         Chain mail        |    48 |    33 ||    81
  Dodge: Dodged            |    27 |    12 ||    39
  Block: Buckler           |    22 |     7 ||    29

Table legend: (Time is in decaauts)
 A = Elapsed time spent in this place.
 B = Non-inter-level travel time spent in this place.
 C = Inter-level travel time spent in this place.
 D = Time resting spent in this place.
 E = Time spent auto-exploring this place.
 F = Levels seen in this place.
 G = Mean time per level.
                   A        B        C        D        E       F      G
               +--------+--------+--------+--------+--------+-----+--------+
         Total |   1753 |   1712 |     41 |     17 |   1221 |   3 |  584.3 |
       Dungeon |   1753 |   1712 |     41 |     17 |   1221 |   3 |  584.3 |
               +--------+--------+--------+--------+--------+-----+--------+

Top non-repeatable levels by time:
     D:2: 880 daAuts
     D:1: 771 daAuts
     D:3: 101 daAuts
